 Dungeon Crawl Stone Soup version 0.30.0 (webtiles) character file.

Game seed: 241339494298866969

4 Seline the Trooper (level 1, 0/14 HPs)
             Began as a Gargoyle Berserker on Jan 13, 2024.
             Was a Follower of Trog.
             Slain by a kobold
             ... wielding a +0 whip
              (4 damage)
             ... on level 1 of the Dungeon.
             The game lasted 00:00:32 (86 turns).

Seline the Trooper (Gargoyle Berserker)               Turns: 86, Time: 00:00:32

Health: 0/14       AC:  4    Str: 20    XL:     1   Next: 70%
Magic:  1/1        EV: 11    Int:  7    God:    Trog [*.....]
Gold:   9          SH:  0    Dex:  9    Spells: 0/0 levels left

rFire   . . .        a - +0 hand axe
rCold   . . .        (no shield)
rNeg    + . .        b - +0 animal skin
rPois   ∞            (no helmet)
rElec   +            (no cloak)
rCorr   .            (no gloves)
SInv    .            (no boots)
Will    .....        (no amulet)
Stlth   +            (no ring)
HPRegen 0.22/turn    (no ring)
MPRegen 0.07/turn

%: no passive effects
@: no status effects
A: sickness immunity, AC +2, negative energy resistance 1, electricity
resistance, torment resistance 1, petrification resistance
a: Renounce Religion, Berserk


You were on level 1 of the Dungeon.
You worshipped Trog.
Trog was aware of your devotion.
You visited 1 branch of the dungeon, and saw 1 of its levels.

You collected 9 gold pieces.

Inventory:

Hand Weapons
 a - a +0 hand axe (weapon)
Armour
 b - a +0 animal skin (worn)
Potions
 c - a potion of haste {unknown}


   Skills:
 + Level 3.4 Fighting
 + Level 2.7 Axes
 + Level 2.3 Armour
 + Level 1.6 Dodging


You couldn't memorise any spells.
You didn't know any spells.
Your spell library was empty.

Dungeon Overview and Level Annotations

Branches:
Dungeon (1/15)

Altars:


Innate Abilities, Weirdness & Mutations

You are immune to sickness and miasma.
Your stone body is resilient. (AC +2)
You are immune to poison.
You resist negative energy. (rN+)
You are resistant to electric shocks. (rElec)
You are resistant to unholy torment.
You are immune to petrification.


Message History

A frilled lizard comes into view.
You hit the ball python.
The ball python is severely wounded.
The ball python bites you but does no damage.
The ball python misses you. The ball python closely misses you.
The ball python grabs you. The ball python constricts you.
You hit the ball python.
You kill the ball python!
Trog accepts your kill.
You hit the hobgoblin but do no damage. The hobgoblin barely misses you.
You barely miss the hobgoblin. You hit the kobold but do no damage.
The hobgoblin hits you but does no damage.
The kobold hits you with a +0 whip.
You slash the hobgoblin!
You kill the hobgoblin!
Trog accepts your kill.
You closely miss the kobold. The kobold hits you but does no damage.
The frilled lizard bites you. The kobold hits you with a +0 whip.
You see here a hobgoblin corpse.
You closely miss the frilled lizard. You hit the kobold but do no damage.
The kobold closely misses you. The frilled lizard barely misses you.
The frilled lizard closely misses you. The kobold hits you with a +0 whip.
You slash the frilled lizard!
You kill the frilled lizard!
Trog accepts your kill.
You hit the kobold. The kobold completely misses you.
You closely miss the kobold.
The kobold is severely wounded.
The kobold hits you with a +0 whip.
You closely miss the kobold.
The kobold is severely wounded.
The kobold hits you with a +0 whip.
* * * LOW HITPOINT WARNING * * *
You miss the kobold.
The kobold is severely wounded.
The kobold closely misses you.
You barely miss the kobold.
The kobold is severely wounded.
The kobold hits you with a +0 whip.
You die...

#. .# #. ##. #. .. #.#
.# #.##.# # #....#.####
##.†K....... #
#...@†......
#.#...#.#.....
..##.#.....# ...
#.##....##..# .
#.####...##..# #.#
#....###... #.# #.....#
#### #.# #^P...##
##.#####.###.♣...#P#####


You could see a kobold.

Vanquished Creatures
  2 bats (D:1)
  A hobgoblin (D:1)
  A ball python (D:1)
  A frilled lizard (D:1)
5 creatures vanquished.

Notes
Turn   | Place    | Note
-------+----------+-------------------------------------------
     0 | D:1      | Seline the Gargoyle Berserker began the quest for the Orb.
     0 | D:1      | Reached XP level 1. HP: 14/14 MP: 1/1
    86 | D:1      | Slain by a kobold

Illustrated notes

Levels and vault maps discovered:
D:1:      denvon_arrival_planthouse, layout_loops_ring

Action                     || total
---------------------------++-------
  Melee: Hand axe          ||    22
 Armour: Animal skin       ||    12
  Dodge: Dodged            ||    21
